 Dungeon Crawl Stone Soup version 0.22-a0-271-gc000056 (webtiles) character file.

99 tidbits the Insei (level 4, -1/34 HPs)
             Began as a Gnoll Transmuter on Mar 11, 2018.
             Slain by Pikel
             ... wielding a +2 whip of electrocution
              (10 damage)
             ... on level 5 of the Dungeon.
             The game lasted 00:04:44 (499 turns).

tidbits the Insei (Gnoll Transmuter)                 Turns: 499, Time: 00:04:45

Health: -1/34      AC:  2    Str: 12    XL:     4   Next: 72%
Magic:  4/11       EV: 24    Int: 16    God:
Gold:   63         SH:  0    Dex: 21    Spells: 7/13 levels left

rFire    . . .     SeeInvis .     - Unarmed
rCold    . . .     Gourm    .   (shield currently unavailable)
rNeg     . . .     Faith    .   (armour currently unavailable)
rPois    x         Spirit   .   (helmet currently unavailable)
rElec    .         Reflect  .   (cloak currently unavailable)
rCorr    .         Harm     .   (gloves currently unavailable)
MR       .....                  (boots currently unavailable)
Stlth    ++........             (no amulet)
HPRegen  0.11/turn              (no ring)
MPRegen  0.12/turn              (no ring)

@: spider-form, flying
A: tiny, distributed training, strong nose
a: End Transformation


You were on level 5 of the Dungeon.
You were not hungry.
You were a venomous arachnid creature.
You visited 1 branch of the dungeon, and saw 6 of its levels.

You collected 63 gold pieces.

Inventory:

Hand Weapons
 c - a +0 short sword
 h - a +0 rapier
 l - the +11 scimitar of Law (melded) {pain, rC+ Str+2 Int-3}
   (You found it on level 5 of the Dungeon)

   In the hands of one skilled in necromantic magic, it inflicts extra damage on
   living creatures.
   It affects your strength (+2).
   It affects your intelligence (-3).
   It protects you from cold.
Missiles
 a - 32 arrows
Armour
 b - a +0 robe (melded)
 F - a +2 pair of boots (melded)
Scrolls
 f - a scroll of remove curse {unknown}
 g - a scroll of blinking {unknown}
 i - 2 scrolls of fear {unknown}
 j - 2 scrolls of identify {unknown}
Comestibles
 d - 3 rations


   Skills:
 + Level 2.8 Fighting
 + Level 1.2 Short Blades
 + Level 1.2 Long Blades
 + Level 1.2 Axes
 + Level 1.2 Maces & Flails
 + Level 1.2 Polearms
 + Level 1.2 Staves
 + Level 1.2 Slings
 + Level 1.2 Bows
 + Level 1.2 Crossbows
 + Level 1.2 Throwing
 + Level 1.2 Armour
 + Level 4.6 Dodging
 + Level 1.2 Stealth
 + Level 1.2 Shields
 + Level 6.6 Unarmed Combat
 + Level 5.1 Spellcasting
 + Level 1.0 Conjurations
 + Level 1.0 Hexes
 + Level 1.0 Charms
 + Level 1.0 Summonings
 + Level 1.0 Necromancy
 + Level 1.0 Translocations
 + Level 3.8 Transmutations
 + Level 1.0 Fire Magic
 + Level 1.0 Ice Magic
 + Level 1.0 Air Magic
 + Level 1.0 Earth Magic
 + Level 1.0 Poison Magic
 + Level 1.3 Invocations
 + Level 1.2 Evocations


You had 7 spell levels left.
You knew the following spells:

 Your Spells              Type           Power        Failure   Level  Hunger
e - Beastly Appendage     Tmut           ###...       11%         1    None
k - Sticks to Snakes      Tmut           ###.....     14%         2    #......
p - Spider Form           Tmut/Pois      ##........   36%         3    ###....


Dungeon Overview and Level Annotations

Branches:
Dungeon (6/15)
 Temple: D:4-7

Altars:
Zin

Annotations:
D:5 Pikel


Innate Abilities, Weirdness & Mutations

Your experience applies equally to all skills.
((You have very sharp teeth.))
Your uncanny sense of smell can sniff out nearby items.


Message History

Your +0 robe unmelds from your body.
There is a stone staircase leading up here.
You climb upwards.
Your summoned ally is left behind.
An iguana comes into view.
There is a stone staircase leading down here.
You climb downwards.
There is a stone staircase leading up here.
Unknown command.
You swap places.
You see here a warped scimitar.
l - a warped scimitar Wield which item (- for none, * to show all)? (? for menu, Esc to quit)
You feel stronger.
You feel stupid. Pain shudders through your arm!
l - the +11 scimitar of Law (weapon)
{pain, rC+ Str+2 Int-3}
Found 11 gold pieces.
Unknown command.
Found a stone staircase leading down.
Found 15 gold pieces.
You see here 11 gold pieces.
You now have 48 gold pieces (gained 11).
You see here 15 gold pieces.
You now have 63 gold pieces (gained 15).
There is a stone staircase leading down here.
You climb downwards.
Your summoned ally is left behind.
A gnoll comes into view.
There is a stone staircase leading up here.
Unknown command.
Casting: Sticks to Snakes (safe; 5% risk of failure)
Confirm with . or Enter, or press ? or * to list all spells.
You grow a pair of large bovine horns.
A gnoll comes into view. It is wielding a spear.
A gnoll comes into view. It is wielding a spear.
The gnoll shouts! x3
There is a stone staircase leading up here.
You climb upwards.
There is a stone staircase leading down here.
Unknown command. 2 slaves and Pikel come into view.
Pikel is wielding a whip of electrocution.
A leopard gecko and a slave come into view.
Pikel shouts!
The slave shouts! x2; You hear an angry hiss.
The leopard gecko hisses angrily.
You slash the slave!
The slave writhes in agony.
The slave is heavily wounded.
Your transformation is almost over.
The slave hits you but does no damage.
You closely miss the slave. Your headbutt misses the slave.
The slave is heavily wounded.
The slave closely misses you.
You slash the slave!
The slave is almost dead.
Your adder withers and dies!
The slave hits you. The slave closely misses you.
You riposte.
You hit the slave.
You kill the slave!
That felt strangely unrewarding.
A leopard gecko comes into view.
You closely miss Pikel. You headbutt Pikel.
Pikel is lightly wounded.
Pikel hits you but does no damage.
You are electrocuted!
Ouch! That really hurt!
* * * LOW HITPOINT WARNING * * *
A slave comes into view.
It was a potion of heal wounds.
You feel much better. Pikel hits you but does no damage.
You are electrocuted!
* * * LOW HITPOINT WARNING * * *
Press: ? - help, v - describe, . - travel, g - get item
Here: Pikel, wielding a whip of electrocution and wearing a robe (lightly wounded)
An animal skin.
There is something else lying underneath.
The floor, spattered with blood.
Press: ? - help, v - describe, . - travel, g - get item
Here: Pikel, wielding a whip of electrocution and wearing a robe (lightly wounded)
An animal skin.
There is something else lying underneath.
The floor, spattered with blood.
Okay, then.
Unknown command.
Unknown command.
Okay, then.
Okay, then.
Casting: Beastly Appendage (safe; 3% risk of failure)
Confirm with . or Enter, or press ? or * to list all spells.
Your horns disappear.
You turn into a venomous arachnid creature.
The +11 scimitar of Law {pain, rC+ Str+2 Int-3} melds into your body.
Your +2 pair of boots melds into your body.
Your +0 robe melds into your body.
Pikel hits you with a whip of electrocution.
* * * LOW HITPOINT WARNING * * *
Unknown command.
It was a potion of flight.
You feel very buoyant.
You fly up into the air.
Pikel hits you with a whip of electrocution!
You die...

#..####### #..#
#..
..###..#######p#
.............##l#
.#####.#####.##l#
#.# #.##p# ..#
#.##p# ####
##.##K#
######...#s#
.........>..#
#######...###
......## #######


You could see Pikel, 3 slaves and 2 leopard geckos.

Vanquished Creatures
  A slave (D:5)
  A scorpion (D:5)
  A worker ant (D:4)
  An adder (D:2)
  2 worms
  2 giant cockroaches
  A goblin (D:3)
  A hobgoblin (D:2)
  A ball python (D:2)
  A bat (D:1)
  2 frilled lizards
  A kobold (D:1)
  5 rats
20 creatures vanquished.

Vanquished Creatures (collateral kills)
  A worm (D:2)
  A leopard gecko skeleton (D:4)
2 creatures vanquished.

Grand Total: 22 creatures vanquished

Notes
Turn   | Place    | Note
-------+----------+-------------------------------------------
     0 | D:1      | tidbits the Gnoll Transmuter began the quest for the Orb.
     0 | D:1      | Reached XP level 1. HP: 17/17 MP: 6/6
   224 | D:2      | Reached XP level 2. HP: 14/23 MP: 7/7
   228 | D:2      | Learned a level 2 spell: Sticks to Snakes
   300 | D:2      | Reached XP level 3. HP: 24/28 MP: 5/9
   305 | D:2      | Learned a level 3 spell: Spider Form
   379 | D:3      | Reached skill level 5 in Spellcasting
   387 | D:3      | Found a glowing silver altar of Zin.
   441 | D:4      | Reached skill level 1 in Short Blades
   441 | D:4      | Reached skill level 1 in Long Blades
   441 | D:4      | Reached skill level 1 in Axes
   441 | D:4      | Reached skill level 1 in Maces & Flails
   441 | D:4      | Reached skill level 1 in Polearms
   441 | D:4      | Reached skill level 1 in Staves
   441 | D:4      | Reached skill level 1 in Slings
   441 | D:4      | Reached skill level 1 in Bows
   441 | D:4      | Reached skill level 1 in Crossbows
   441 | D:4      | Reached skill level 1 in Throwing
   441 | D:4      | Reached skill level 1 in Armour
   441 | D:4      | Reached skill level 1 in Stealth
   441 | D:4      | Reached skill level 1 in Shields
   441 | D:4      | Reached skill level 1 in Invocations
   441 | D:4      | Reached skill level 1 in Evocations
   445 | D:5      | Entered Level 5 of the Dungeon
   445 | D:5      | Noticed a scorpion
   450 | D:5      | Killed a scorpion
   450 | D:5      | Reached skill level 1 in Conjurations
   450 | D:5      | Reached skill level 1 in Hexes
   450 | D:5      | Reached skill level 1 in Charms
   450 | D:5      | Reached skill level 1 in Summonings
   450 | D:5      | Reached skill level 1 in Necromancy
   450 | D:5      | Reached skill level 1 in Translocations
   450 | D:5      | Reached skill level 1 in Fire Magic
   450 | D:5      | Reached skill level 1 in Ice Magic
   450 | D:5      | Reached skill level 1 in Air Magic
   450 | D:5      | Reached skill level 1 in Earth Magic
   450 | D:5      | Reached skill level 1 in Poison Magic
   450 | D:5      | Reached XP level 4. HP: 34/34 MP: 2/11
   462 | D:5      | Got a warped scimitar
   463 | D:5      | Identified the +11 scimitar of Law {pain, rC+ Str+2 Int-3} (You found it on level 5 of the Dungeon)
   491 | D:5      | Noticed Pikel
   491 | D:5      | Noticed a slave
   491 | D:5      | Noticed a slave
   492 | D:5      | Noticed a slave
   495 | D:5      | Killed a slave
   497 | D:5      | Noticed a slave
   499 | D:5      | Slain by Pikel

Vault maps used:
D:1:      zelgadis_glass_arrival_large
D:2:      first_ration, serial_glass, glass_columns_a, glass_columns_c,
          chequers_ecumenical_altar_lobes
D:3:      bloody_makhleb, overflow_temple_1_default
D:4:      nicolae_ru_great_annihilating_truth, minmay_temple_entry_overgrown,
          st_stairs_4
D:5:      grunt_temple_overflow_open, trog_wizard, uniq_pikel
D:6:      serial_shops, kennysheep_mini_moat, shop, shop_statue,
          nicolae_shop_behind_doors, shop, uniq_menkaure

Skill      XL: |  1  2  3 |
---------------+----------+-----
Spellcasting   | 5 |  5.1
Short Blades   | 1 |  1.2
Long Blades    | 1 |  1.2
Axes           | 1 |  1.2
Maces & Flails | 1 |  1.2
Polearms       | 1 |  1.2
Staves         | 1 |  1.2
Slings         | 1 |  1.2
Bows           | 1 |  1.2
Crossbows      | 1 |  1.2
Throwing       | 1 |  1.2
Armour         | 1 |  1.2
Stealth        | 1 |  1.2
Shields        | 1 |  1.2
Invocations    | 1 |  1.3
Evocations     | 1 |  1.2
Conjurations   | 1 |  1.0
Hexes          | 1 |  1.0
Charms         | 1 |  1.0
Summonings     | 1 |  1.0
Necromancy     | 1 |  1.0
Translocations | 1 |  1.0
Fire Magic     | 1 |  1.0
Ice Magic      | 1 |  1.0
Air Magic      | 1 |  1.0
Earth Magic    | 1 |  1.0
Poison Magic   | 1 |  1.0
Fighting       | |  2.8
Dodging        | |  4.6
Unarmed Combat | |  6.6
Transmutations | |  3.8

Action                   |  1- 3 |  4- 6 || total
-------------------------+-------+-------++-------
Melee: Unarmed           |    52 |       ||    52
       Headbutt          |     4 |     1 ||     5
       Kick              |     2 |       ||     2
       Punch             |     1 |       ||     1
       Bite              |     2 |       ||     2
       Scimitar          |       |     4 ||     4
 Cast: Beastly Appendage |     8 |     1 ||     9
       Sticks to Snakes  |     3 |       ||     3
       Spider Form       |     4 |     1 ||     5
  Use: Potion            |       |     2 ||     2
 Stab: Sleeping          |     3 |       ||     3
Armor: Robe              |     3 |     2 ||     5
Dodge: Dodged            |    32 |     2 ||    34
       Rpst.: Scimitar   |       |     1 ||     1

Table legend:
 A = Spawn XP
 B = Non-spawn XP
 C = Spawn XP percentage of total XP
 D = Spawn monster count
 E = Non-spawn monster count
 F = Spawn count percentage of total count
 G = Total turns spent on level
                    A         B        C        D         E        F      G
               +---------+---------+-------+---------+---------+-------+---------
         Total |       0 |     142 |   0.0 |       0 |      21 |   0.0 |   499
               +---------+---------+-------+---------+---------+-------+---------
           D:1 |       0 |       6 |   0.0 |       0 |       5 |   0.0 |   175
           D:2 |       0 |      30 |   0.0 |       0 |       9 |   0.0 |   150
           D:3 |       0 |       8 |   0.0 |       0 |       3 |   0.0 |    93
           D:4 |       0 |      36 |   0.0 |       0 |       3 |   0.0 |    29
           D:5 |       0 |      62 |   0.0 |       0 |       1 |   0.0 |    45
               +---------+---------+-------+---------+---------+-------+---------

Table legend:
 A = Turns spent in this place as a percentage of turns spent in the entire game.
 B = Non-inter-level travel turns spent in this place as a percentage of non-inter-level travel turns spent in the entire game.
 C = Inter-level travel turns spent in this place as a percentage of turns spent in this place.
 D = Turns resting spent in this place as a percentage of non-inter-level travel turns spent in this place.
 E = Turns spent auto-exploring this place as a percentage of non-inter-level travel turns spent in this place.
 F = Non-inter-level travel turns spent in this place divided by the number of levels of this place that you've seen.
                   A       B       C       D       E      F
               +-------+-------+-------+-------+-------+----------------------
         Total | 100.0 | 100.0 |   0.0 |   0.0 |   0.0 |  83.2
       Dungeon | 100.0 | 100.0 |   0.0 |   0.0 |   0.0 |  83.2
               +-------+-------+-------+-------+-------+----------------------

Table legend:
 A = Kills in this place as a percentage of kills in entire the game.
 B = Kills by you in this place as a percentage of kills by you in the entire game.
 C = Kills by friends in this place as a percentage of kills by friends in the entire game.
 D = Other kills in this place as a percentage of other kills in the entire game.
 E = Experience gained in this place as a percentage of experience gained in the entire game.
 F = Experience gained in this place divided by the number of levels of this place that you have seen.
                   A       B       C       D       E      F
               +-------+-------+-------+-------+-------+----------------------
         Total | 100.0 | 100.0 | 100.0 |   N/A | 100.0 |  23.7
       Dungeon | 100.0 | 100.0 | 100.0 |   N/A | 100.0 |  23.7
               +-------+-------+-------+-------+-------+----------------------

Vault maps used:
D:1:      zelgadis_glass_arrival_large
D:2:      first_ration, serial_glass, glass_columns_a, glass_columns_c,
          chequers_ecumenical_altar_lobes
D:3:      bloody_makhleb, overflow_temple_1_default
D:4:      nicolae_ru_great_annihilating_truth, minmay_temple_entry_overgrown,
          st_stairs_4
D:5:      grunt_temple_overflow_open, trog_wizard, uniq_pikel
D:6:      serial_shops, kennysheep_mini_moat, shop, shop_statue,
          nicolae_shop_behind_doors, shop, uniq_menkaure
